 Dungeon Crawl Stone Soup version 0.31-a0-237-g2d982f9f85 (webtiles) character file.

Game seed: 14784131161640261084

121 qw the Shooter (level 4, -4/37 HPs)
             Began as a Minotaur Hexslinger on July 10, 2023.
             Slain by a gnoll
             ... wielding a +0 halberd
              (12 damage)
             ... on level 3 of the Dungeon.
             The game lasted 00:00:37 (1832 turns).

qw the Shooter (Minotaur Hexslinger)                Turns: 1832, Time: 00:00:38

Health: -4/37      AC:  3    Str: 13    XL:     4   Next: 76%
Magic:  4/4        EV: 12    Int: 10    God:
Gold:   142        SH:  0    Dex: 14    Spells: 4/5 levels left

rFire   . . .        Y - +2 sling
rCold   . . .        (no shield)
rNeg    . . .        c - +0 robe
rPois   .            (helmet restricted)
rElec   .            (no cloak)
rCorr   .            (no gloves)
SInv    .            f - +0 pair of boots
Will    .....        (no amulet)
Stlth   +            (no ring)
HPRegen 0.26/turn    (no ring)
MPRegen 0.09/turn

%: no passive effects
@: no status effects
A: horns 2, retaliatory headbutt
a: no special abilities


You were on level 3 of the Dungeon.
You visited 1 branch of the dungeon, and saw 3 of its levels.

You collected 142 gold pieces.


Innate Abilities, Weirdness & Mutations

You have a pair of horns on your head.
You reflexively headbutt those who attack you in melee.


   Skills:
 + Level 2.8 Fighting
 - Level 5.0 Ranged Weapons
 - Level 2.1 Dodging
 - Level 1.0 Spellcasting
 - Level 2.0 Hexes


You had 4 spell levels left.
You knew the following spells:

 Your Spells              Type           Power      Damage    Failure   Level
a - Slow                  Hex            16%        N/A       16%         1

Your spell library contained the following spells:

 Spells                   Type           Power      Damage    Failure   Level
 Inner Flame              Hex/Fire       2%         N/A       56%         3
 Portal Projectile        Hex/Tloc       4%         N/A       56%         3
 Cause Fear               Hex            2%         N/A       83%         4

Inventory:

Hand Weapons
 Y - a +2 sling (weapon)
Armour
 b - a +0 leather armour
 c - a +0 robe (worn)
 e - a +0 ring mail
 f - a +0 pair of boots (worn)
Potions
 a - a potion of mutation {unknown}
 d - a potion of enlightenment {unknown}
 g - a potion of might {unknown}
 h - a potion of cancellation {unknown}

Dungeon Overview and Level Annotations

Branches:
Dungeon (3/15)

Altars:

Annotations:
D:3 exclusion: gnoll


Message History

You shoot a sling bullet. The sling bullet hits the gnoll.
You kill the gnoll!
Enter note:
Enter note:
Enter note:
Enter note: You shoot a sling bullet.
The sling bullet barely misses the gnoll.
The gnoll hits you from afar with a +0 halberd!
The gnoll barely misses you.
You shoot a sling bullet.
The sling bullet hits the gnoll but does no damage.
The gnoll closely misses you.
You shoot a sling bullet. The sling bullet hits the gnoll.
The gnoll is moderately wounded.
The gnoll misses you.
You shoot a sling bullet.
The sling bullet hits the gnoll but does no damage.
The gnoll is moderately wounded.
The gnoll barely misses you.
You shoot a sling bullet.
The sling bullet barely misses the gnoll.
The gnoll hits you from afar with a +0 halberd!
Enter note:
Enter note:
Enter note:
Enter note:
1828 ||| UPGRADING to +0 leather armour.
The gnoll misses you.
You start removing your armour.
You continue taking off your +0 robe.
The gnoll barely misses you.
You continue taking off your +0 robe.
The gnoll hits you from afar with a +0 halberd!
You stop removing your armour.
1831 ||| UPGRADING to +0 leather armour.
The gnoll misses you.
You start removing your armour.
You continue taking off your +0 robe.
The gnoll hits you from afar with a +0 halberd!
You stop removing your armour.
You die...

#.#####.#... ########
#.##......## #......#
#.##.##.#... #.####.#
#.##.##.#.## # ####.###
#........... #.#......#
####.##.#... #.#.##.#.#
#.##.....
#......#.#########
#........
###%####........@#
########.
###.############......#
#.. ......# ###g#..#
#.. .##.#.# ... .# #.(
.##.#.# #... #####..
.##.#.# ...####......
.##.#.# ............
......# .####......
#.#.#.# #####..


You could see a gnoll.

Vanquished Creatures
  A gnoll (D:3)
  6 adders
  2 worms (D:2)
  4 orcs (D:3)
  5 ball pythons
  5 endoplasms
  4 giant cockroaches
  5 hobgoblins
  2 quokkas
  5 bats
  A frilled lizard (D:2)
  4 kobolds
  4 rats
48 creatures vanquished.

Notes
Turn   | Place    | Note
-------+----------+-------------------------------------------
     0 | D:1      | qw the Minotaur Hexslinger began the quest for the Orb.
     0 | D:1      | Reached XP level 1. HP: 16/16 MP: 1/1
     0 | D:1      | 0 ||| qw: Version: 0.3-a-52-g30416fa
     0 | D:1      | 0 ||| qw: Game counter: 5057
     0 | D:1      | 0 ||| qw: Melee chars always use a shield: true
     0 | D:1      | 0 ||| qw: God list: Okawaru
     0 | D:1      | 0 ||| qw: Allow faded altars: false
     0 | D:1      | 0 ||| qw: Do Orc after clearing Dungeon:15 true
     0 | D:1      | 0 ||| qw: Do second Lair branch before Depths: true
     0 | D:1      | 0 ||| qw: Lair rune preference: random
     0 | D:1      | 0 ||| qw: Goals: Normal
     0 | D:1      | 0 ||| PLANNING D:1-11
   241 | D:1      | Reached skill level 3 in Ranged Weapons
   241 | D:1      | Reached XP level 2. HP: 23/23 MP: 2/2
   532 | D:1      | Found a faded altar of an unknown god.
   681 | D:1      | 681 ||| UPGRADING to +0 pair of boots.
   686 | D:1      | 686 ||| READING scroll labelled VIGEKI ZEGIFF.
   687 | D:1      | 687 ||| READING scroll labelled AGREKH FOLE.
   688 | D:1      | 688 ||| DROPPING scroll of poison.
   847 | D:2      | Reached XP level 3. HP: 29/29 MP: 3/3
  1058 | D:2      | Reached skill level 4 in Ranged Weapons
  1413 | D:2      | Reached XP level 4. HP: 36/36 MP: 4/4
  1462 | D:2      | 1462 ||| READING scroll labelled SITEXE COZXO.
  1463 | D:2      | 1463 ||| READING scroll labelled XUOHYR FORO.
  1464 | D:2      | 1464 ||| READING scroll labelled QIKHIUCKOA.
  1537 | D:3      | 1537 ||| STAIRDANCE
  1668 | D:3      | Reached skill level 5 in Ranged Weapons
  1818 | D:3      | 1818 ||| Stepping ~*~*~tactically~*~*~ (outnumbered).
  1828 | D:3      | 1828 ||| UPGRADING to +0 leather armour.
  1830 | D:3      | HP: 8/37 [gnoll/+0 halberd (8)]
  1831 | D:3      | 1831 ||| UPGRADING to +0 leather armour.
  1832 | D:3      | Slain by a gnoll

Levels and vault maps discovered:
D:1:      lemuel_arrival_room, layout_loops_ring,
          dreamdust_ecumenical_altar_angels_and_demons
D:2:      layout_basic, hangedman_decor_push, nrook_mini_backslash
D:3:      layout_loops_cross, mainiacjoe_overflow_chevrons

Skill      XL: |  1  2  3  4 |
---------------+-------------+-----
Ranged Weapons | 3 4 5 |  5.0
Fighting       | 2 |  2.8
Dodging        | |  2.1
Spellcasting   | |  1.0
Hexes          | |  2.0

Action                     |  1- 3 |  4- 6 || total
---------------------------+-------+-------++-------
   Fire: Sling             |    85 |    47 ||   132
    Use: Scroll            |     2 |     3 ||     5
 Armour: Robe              |     3 |     8 ||    11
  Dodge: Dodged            |    11 |    21 ||    32

Table legend:
 A = Non-vault XP
 B = Vault XP
 C = Vault XP percentage of total XP
 D = Non-vault monster count
 E = Vault monster count
 F = Vault count percentage of total count
                 A         B        C        D         E       F
            +---------+---------+-------+---------+---------+-------
      Total |     173 |       0 |   0.0 |      48 |       0 |   0.0
            +---------+---------+-------+---------+---------+-------
        D:1 |      23 |       0 |   0.0 |      14 |       0 |   0.0
        D:2 |      87 |       0 |   0.0 |      21 |       0 |   0.0
        D:3 |      63 |       0 |   0.0 |      13 |       0 |   0.0
            +---------+---------+-------+---------+---------+-------
